 Dungeon Crawl Stone Soup version 0.29-a0-333-gb4c28e87c6 (webtiles) character file.

Game seed: 6986351855066411166

25 Morbidden the Gusty (level 2, 0/24 HPs)
             Began as a Troll Air Elementalist on Apr 13, 2022.
             Slain by a bat (1 damage)
             ... on level 2 of the Dungeon.
             The game lasted 00:00:43 (853 turns).

Morbidden the Gusty (Troll Air Elementalist)         Turns: 853, Time: 00:00:44

Health: 0/24       AC:  2    Str: 15    XL:     2   Next: 86%
Magic:  3/3        EV: 10    Int: 11    God:
Gold:   31         SH:  0    Dex: 10    Spells: 2/3 levels left

rFire   . . .      SeeInvis .     - Unarmed
rCold   . . .      Faith    .   (no shield)
rNeg    . . .      Spirit   .   a - +0 robe
rPois   .          Reflect  .   (helmet restricted)
rElec   .          Harm     .   h - +1 cloak
rCorr   .          Rampage  .   (gloves unavailable)
Will    .....                   (boots unavailable)
Stlth   +.........              (no amulet)
HPRegen 0.88/turn               (no ring)
MPRegen 0.08/turn               (no ring)

@: corroded
A: large, unfitting armour, claws 3, regeneration 1, shaggy fur 1, tough skin 1
a: no special abilities


You were on level 2 of the Dungeon.
You visited 1 branch of the dungeon, and saw 2 of its levels.

You collected 31 gold pieces.

Inventory:

Armour
 a - a +0 robe (worn)
 h - a +1 cloak (worn)
Scrolls
 c - 2 scrolls of identify {unknown}
 d - a scroll of fear {unknown}
 e - a scroll of enchant armour {unknown}
 g - 2 scrolls of teleportation {unknown}
Potions
 b - a potion of magic
 f - a potion of mutation {unknown}


   Skills:
 * Level 0.1 Fighting
 * Level 1.8 Dodging
 + Level 1.0 Stealth
 * Level 1.0 Unarmed Combat
 * Level 1.4 Spellcasting
 * Level 1.0 Conjurations
 * Level 2.1 Air Magic


You had 2 spell levels left.
You knew the following spells:

 Your Spells              Type           Power      Damage    Failure   Level
a - Shock                 Conj/Air       16%        1d4       16%         1

Your spell library contained the following spells:

 Spells                   Type           Power      Damage    Failure   Level
 Static Discharge         Conj/Air       4%         N/A       24%         2
 Swiftness                Air            5%         N/A       36%         3
 Airstrike                Air            2%         N/A       77%         4


Dungeon Overview and Level Annotations

Branches:
Dungeon (2/15)

Altars:

Shops:
D:1 ?


Innate Abilities, Weirdness & Mutations

You are too large for most types of armour.
You have claws for hands.
Your natural rate of healing is unusually fast.
You are covered in fur. (AC +1)
You have tough skin. (AC +1)


Message History

A jackal is nearby!
You scratch the jackal.
The jackal is heavily wounded.
The jackal barely misses you.
A jackal is nearby!
A jackal is nearby!
You claw the jackal!
You kill the jackal!
You see here a jackal corpse.
A jelly, a bat and a rat come into view.
There are monsters nearby!
The jelly quivers.
The bat barely misses you.
There are monsters nearby!
The bat hits you but does no damage. The rat bites you but does no damage.
There are monsters nearby!
You scratch the rat.
You kill the rat!
The bat hits you.
You claw the jelly!
Your claws burn!
The jelly is heavily wounded.
The bat barely misses you. The jelly hits you but does no damage.
You scratch the jelly.
Your claws burn!
The jelly is severely wounded.
The bat barely misses you. The jelly closely misses you.
You scratch the jelly but do no damage. The acid corrodes you!
Your claws burn!
The jelly is severely wounded.
The jelly hits you.
You are splashed with acid!
* * * LOW HITPOINT WARNING * * *
The bat closely misses you.
You are too injured to fight recklessly!
You are too injured to fight recklessly!
You are too injured to fight recklessly!
You are too injured to fight recklessly!
Unknown command.
You scratch the jelly.
Your claws burn!
* * * LOW HITPOINT WARNING * * *
The jelly is almost dead.
The bat hits you.
You die...

#....<...##. #...#
#........##. ######...#
#........+..
.........####........##.
........................
......................
....................
#.J...............#
#.@...............#
#.b...........#####
####$..##########
#..............#######
+...............††....
#..............#######
#..............#
#....########### #####


You could see a jelly and a bat.

Vanquished Creatures
  An adder (D:2)
  An endoplasm (D:1)
  3 goblins (D:1)
  A hobgoblin (D:1)
  3 jackals (D:2)
  2 quokkas (D:1)
  A bat (D:1)
  A kobold (D:1)
  2 rats
15 creatures vanquished.

Notes
Turn   | Place    | Note
-------+----------+-------------------------------------------
     0 | D:1      | Morbidden the Troll Air Elementalist began the quest for
                  | the Orb.
     0 | D:1      | Reached XP level 1. HP: 16/16 MP: 1/1
   411 | D:1      | Found Qotesi Saygi's Magic Scroll Boutique.
   542 | D:1      | Reached XP level 2. HP: 24/24 MP: 3/3
   805 | D:2      | Reached skill level 1 in Conjurations
   832 | D:2      | Reached skill level 1 in Unarmed Combat
   853 | D:2      | HP: 1/24 [acid (4)]
   853 | D:2      | Slain by a bat

Illustrated notes

Levels and vault maps discovered:
D:1:      lightli_arrival_boilingwater, layout_loops_corners, serial_shops, shop
D:2:      minmay_razor_zed, layout_basic

Skill      XL: |  1  2 |
---------------+-------+-----
Conjurations   | 1 |  1.0
Unarmed Combat | 1 |  1.0
Fighting       | |  0.1
Dodging        | |  1.8
Stealth        | |  1.0
Spellcasting   | |  1.4
Air Magic      | |  2.1

Action                   || total
-------------------------++-------
Melee: Unarmed           ||    43
 Stab: Sleeping          ||     2
Armor: Robe              ||    18
Dodge: Dodged            ||    22

Table legend: (Time is in decaauts)
 A = Elapsed time spent in this place.
 B = Non-inter-level travel time spent in this place.
 C = Inter-level travel time spent in this place.
 D = Time resting spent in this place.
 E = Time spent auto-exploring this place.
 F = Levels seen in this place.
 G = Mean time per level.
                   A        B        C        D        E       F      G
               +--------+--------+--------+--------+--------+-----+--------+
         Total |    854 |    825 |     29 |      0 |    712 |   2 |  427.0 |
       Dungeon |    854 |    825 |     29 |      0 |    712 |   2 |  427.0 |
               +--------+--------+--------+--------+--------+-----+--------+

Top non-repeatable levels by time:
     D:1: 798 daAuts
     D:2: 56 daAuts
